 Dungeon Crawl Stone Soup version 0.26-b1-32-g5d43845318 (webtiles) character file.

Game seed: 16912262357023651842

6339 MisterFreud the Prestidigitator (level 10, -3/102 HPs)
             Began as a Troll Delver on Jan 10, 2021.
             Was a Believer of Uskayaw.
             Slain by a blink frog (14 damage)
             ... on level 1 of the Lair of Beasts.
             The game lasted 00:12:21 (7588 turns).

MisterFreud the Prestidigitator (Troll Delver)      Turns: 7588, Time: 00:12:21

Health: -3/102     AC:  8    Str: 31    XL:     10   Next: 64%
Magic:  3/9        EV: 10    Int:  6    God:    Uskayaw [**....]
Gold:   198        SH:  0    Dex: 11    Spells: 7/9 levels left

rFire    . . .     SeeInvis .     - Unarmed
rCold    . . .     Faith    .   (no shield)
rNeg     . . .     Spirit   .   a - +0 robe
rPois    .         Reflect  .   P - +2 hat
rElec    .         Harm     .   y - scarf {+Inv}
rCorr    .         Rampage  .   (gloves unavailable)
Will     .....                  (boots unavailable)
Stlth    ++........             x - amulet of the acrobat
HPRegen  0.67/turn              R - +6 ring of strength
MPRegen  0.11/turn              C - ring of wizardry

@: no status effects
A: large, unfitting armour, claws 3, regeneration 1, shaggy fur 1, tough skin 3
a: Renounce Religion, Evoke Invisibility, Stomp, Line Pass


You were on level 1 of the Lair of Beasts.
You worshipped Uskayaw.
Uskayaw was noncommittal.
You visited 2 branches of the dungeon, and saw 11 of its levels.
You also visited: Ossuary and Bailey.

You collected 422 gold pieces.
You spent 224 gold pieces at shops.

Inventory:

Hand Weapons
 F - a +3 quarterstaff of chaos
 G - a +0 dagger
Missiles
 A - a throwing net (quivered)
 M - 6 boomerangs
Armour
 a - a +0 robe (worn)
 y - a scarf of invisibility (worn)
 P - a +2 hat (worn)
Jewellery
 n - an uncursed ring of flight
 x - an amulet of the acrobat (around neck)
 C - a ring of wizardry (right claw)
 O - a cursed amulet of inaccuracy {unknown}
 R - a +6 ring of strength (left claw)
Wands
 f - a wand of digging (3)
 u - a wand of iceblast (15)
 v - a wand of disintegration (13)
 N - a wand of random effects (13)
 Q - a wand of flame (24)
Scrolls
 b - a scroll of fog
 c - 2 scrolls of magic mapping
 d - 6 scrolls of fear
 i - 8 scrolls of teleportation {unknown}
 k - 9 scrolls of identify {unknown}
 m - a scroll of noise {unknown}
 o - a scroll of acquirement {unknown}
 p - a scroll of holy word {unknown}
 r - 6 scrolls of remove curse {unknown}
 B - 2 scrolls of enchant weapon {unknown}
 D - a scroll of blinking {unknown}
 H - 2 scrolls of amnesia {unknown}
 I - a scroll of random uselessness {unknown}
 J - a scroll of silence {unknown}
 L - 2 scrolls of enchant armour {unknown}
Potions
 e - 4 potions of haste
 g - 4 potions of flight
 h - 4 potions of might {unknown}
 j - 9 potions of curing
 l - 3 potions of resistance {unknown}
 q - 5 potions of heal wounds
 s - 3 potions of lignification
 t - 3 potions of attraction {unknown}
 w - 2 potions of mutation {unknown}
 z - 2 potions of invisibility
 E - a potion of magic {unknown}
 K - a potion of brilliance {unknown}


   Skills:
 - Level 7.3 Fighting
 - Level 1.5 Dodging
 - Level 2.7 Stealth
 - Level 8.0 Unarmed Combat
 + Level 9.0 Evocations


You had 7 spell levels left.
You knew the following spells:

 Your Spells              Type           Power        Failure   Level
a - Ensorcelled Hibernat  Hex/Ice        0%           28%         2

Your spell library contained the following spells:

 Spells                   Type           Power        Failure   Level
 Animate Skeleton         Necr           0%           21%         1
 Foxfire                  Conj/Fire      0%           21%         1
 Pain                     Necr           0%           21%         1
 Summon Small Mammal      Summ           0%           21%         1
 Call Imp                 Summ           0%           28%         2
 Call Canine Familiar     Summ           0%           50%         3
 Confusing Touch          Hex            0%           50%         3
 Conjure Flame            Conj/Fire      0%           50%         3
 Gell's Gravitas          Tloc           0%           50%         3
 Inner Flame              Hex/Fire       0%           50%         3
 Summon Guardian Golem    Hex/Summ       0%           50%         3
 Vampiric Draining        Necr           0%           50%         3
 Animate Dead             Necr           0%           86%         4
 Cause Fear               Hex            0%           86%         4
 Petrify                  Tmut/Erth      0%           86%         4
 Sticky Flame             Conj/Fire      0%           86%         4
 Summon Ice Beast         Ice/Summ       0%           86%         4
 Summon Lightning Spire   Summ/Air       0%           86%         4
 Agony                    Necr           0%           99%         5
 Fireball                 Conj/Fire      0%           99%         5
 Metabolic Englaciation   Hex/Ice        0%           99%         5
 Yara's Violent Unravell  Hex/Tmut       0%           99%         5
 Freezing Cloud           Conj/Ice/Air   0%           100%        6


Dungeon Overview and Level Annotations

Branches:
Dungeon (10/15)            Temple (0/1) D:6            Lair (1/6) D:10
Ossuary (visited)          Bailey (visited)
    Orc: D:9-12

Altars:
Cheibriados
Dithmenos
Elyvilon
Gozag
Hepliaklqana
Okawaru
Qazlal
Ru
Trog
Uskayaw
Vehumet
Xom
Yredelemnul

Shops:
D:8 !

Portals:
Trove: D:10 (show abyssal rune of Zot)


Innate Abilities, Weirdness & Mutations

You are too large for most types of armour.
You have claws for hands.
Your natural rate of healing is unusually fast.
You are covered in fur. (AC +1)
You have extremely tough skin. (AC +3)


Message History

You closely miss the blink frog. Your claw misses the blink frog.
The blink frog is lightly wounded.
The blink frog hits you!
* * * LOW HITPOINT WARNING * * *
The blink frog blinks!
Okay, then.
The blink frog blinks!
You stomp with the beat, sending a shockwave through the revellers around you!
The blink frog is heavily wounded.
The blink frog is moderately wounded.
The blink frog barely misses you. x2
Unknown command.
You stomp with the beat, sending a shockwave through the revellers around you!
The blink frog is severely wounded.
The blink frog is heavily wounded.
The blink frog completely misses you.
The blink frog blinks!
You scratch the blink frog.
The blink frog is severely wounded.
The blink frog hits you!
You die...

....... .. ... . .....
... .P. .. ...F ..# .#.
... ... #.# ..≈≈
....###.### ####.###..P.
........#.###.#..#......
........................
####FF...............
#@########..##.##. ###
##..#.#### #.........
##........ #........
##....... #######P ##


You could see 3 blink frogs.

Vanquished Creatures
  Pikel (D:7)
  Joseph (D:8)
  A blink frog (Lair:1)
  A wyvern (D:10)
  4 yaks
  Eustachio (D:9)
  2 water moccasins
  2 orc warriors
  A black bear (D:7)
  An ice beast (D:10)
  3 ogres
  A necrophage (D:7)
  2 sky beasts (D:6)
  4 phantoms
  3 centaurs
  A bullfrog (Lair:1)
  A gnoll sergeant (D:9)
  Blork the orc (D:9)
  4 scorpions
  A water moccasin skeleton (D:6)
  9 wights
  3 bullfrog zombies
  2 centaur zombies
  6 orc priests
  4 hounds
  Crazy Yiuf (D:3)
  A centaur skeleton (D:7)
  2 jellies (D:5)
  A bullfrog skeleton (D:5)
  10 mummies (Ossuary)
  Jessica (D:3)
  2 iguanas
  8 orc wizards
  9 worker ants
  4 hound zombies
  2 howler monkey zombies (Ossuary)
  4 worker ant zombies
  7 adders
  3 gnolls (D:6)
  A river rat (D:6)
  A shadow imp (D:6)
  2 ufetubi
  4 adder zombies
  2 oozes (D:4)
  An adder skeleton (D:8)
  8 worms
  4 dart slugs
  5 leopard geckos
  28 orcs
  4 bats
  6 giant cockroaches
  11 goblins
  7 hobgoblins
  3 jackals
  5 quokkas
  8 frilled lizards
  A jackal zombie (D:6)
  7 kobolds
  A leopard gecko zombie (Ossuary)
  3 quokka zombies (Ossuary)
  6 rats
233 creatures vanquished.

Vanquished Creatures (others)
  A fungus (Lair:1)
  5 withered plants (Ossuary)
6 creatures vanquished.

Grand Total: 239 creatures vanquished

Notes
Turn   | Place    | Note
-------+----------+-------------------------------------------
     0 | D:5      | MisterFreud the Troll Delver began the quest for the Orb.
     0 | D:5      | Reached XP level 1. HP: 22/22 MP: 0/0
    15 | D:6      | Reached XP level 2. HP: 25/29 MP: 1/1
    15 | D:6      | Reached XP level 3. HP: 32/36 MP: 2/2
    33 | D:6      | Noticed an ogre
    37 | D:6      | Noticed a phantom
    85 | D:5      | Found a basalt altar of Yredelemnul.
   143 | D:5      | Noticed a scorpion
   150 | D:5      | Killed a scorpion
   151 | D:5      | Reached XP level 4. HP: 43/44 MP: 3/3
   199 | D:5      | Noticed a phantom
   212 | D:5      | Reached skill level 5 in Unarmed Combat
   212 | D:5      | Reached XP level 5. HP: 43/50 MP: 4/4
   230 | D:5      | Killed a phantom
   284 | D:5      | Reached XP level 6. HP: 57/59 MP: 5/5
   347 | D:5      | Found a bloodstained altar of Trog.
   469 | D:6      | Identified the Reference Book on Flying Malediction
   485 | D:6      | Noticed a sky beast
   494 | D:6      | Killed a sky beast
   495 | D:6      | Reached XP level 7. HP: 58/66 MP: 6/6
   704 | D:6      | Found a shimmering altar of Xom.
   946 | D:6      | Found a white marble altar of Elyvilon.
   946 | D:6      | Found a snail-covered altar of Cheibriados.
   986 | D:6      | Found a bloodstained altar of Trog.
  1020 | D:6      | Reached skill level 5 in Fighting
  1020 | D:6      | Reached XP level 8. HP: 43/80 MP: 7/7
  1155 | D:5      | Found a shadowy altar of Dithmenos.
  2005 | D:4      | Found a hide-covered altar of Uskayaw.
  2021 | D:4      | Found a stormy altar of Qazlal.
  2157 | D:4      | Noticed an air elemental
  2291 | D:4      | Became a worshipper of Uskayaw the Reveller
  2355 | D:4      | Reached * piety under Uskayaw
  2452 | D:3      | Reached ** piety under Uskayaw
  2482 | D:3      | Found a runed translucent door.
  2483 | D:3      | Noticed Crazy Yiuf
  2706 | D:3      | Noticed Jessica
  2710 | D:3      | Killed Jessica
  3057 | D:3      | Killed Crazy Yiuf
  3148 | D:2      | Found an opulent altar of Gozag.
  3477 | D:2      | Found a hazy altar of Hepliaklqana.
  4444 | D:3      | Learned a level 2 spell: Ensorcelled Hibernation
  4566 | D:4      | Reached skill level 1 in Evocations
  4731 | D:4      | Found a sacrificial altar of Ru.
  5141 | D:6      | Reached *** piety under Uskayaw
  5172 | D:6      | Found a staircase to the Ecumenical Temple.
  5304 | D:7      | Reached skill level 2 in Evocations
  5308 | D:7      | Reached XP level 9. HP: 79/91 MP: 8/8
  5310 | D:7      | Reached **** piety under Uskayaw
  5314 | D:7      | Reached ***** piety under Uskayaw
  5356 | D:7      | Found an iron altar of Okawaru.
  5423 | D:7      | Reached skill level 3 in Evocations
  5444 | D:7      | Found a sand-covered staircase.
  5459 | Ossuary  | Entered an ossuary
  5646 | Ossuary  | Reached skill level 4 in Evocations
  5882 | D:7      | Found a radiant altar of Vehumet.
  6065 | D:7      | Reached skill level 5 in Evocations
  6727 | D:8      | Found Cunef's Distillery.
  6732 | D:8      | Bought a potion of curing for 48 gold pieces
  6732 | D:8      | Bought a potion of heal wounds for 80 gold pieces
  6732 | D:8      | Bought a potion of lignification for 48 gold pieces
  6732 | D:8      | Bought a potion of curing for 48 gold pieces
  6753 | D:8      | Noticed Joseph
  6763 | D:8      | Killed Joseph
  6764 | D:8      | Reached skill level 6 in Evocations
  6771 | D:8      | Noticed Pikel
  6773 | D:8      | Found a flagged portal.
  6798 | D:7      | Killed Pikel
  6799 | D:7      | Reached XP level 10. HP: 75/102 MP: 9/9
  6879 | Bailey   | Entered a bailey
  6885 | Bailey   | Noticed an orc knight
  6954 | D:8      | Reached skill level 7 in Evocations
  7087 | D:9      | Noticed Blork the orc
  7089 | D:9      | Noticed Eustachio
  7092 | D:9      | Killed Blork the orc
  7100 | D:9      | Killed Eustachio
  7115 | D:10     | Entered Level 10 of the Dungeon
  7151 | D:10     | Reached skill level 8 in Evocations
  7459 | D:10     | Found a portal to a secret trove of treasure.
  7499 | D:10     | Found a staircase to the Lair.
  7508 | Lair:1   | Entered Level 1 of the Lair of Beasts
  7578 | Lair:1   | Reached skill level 9 in Evocations
  7588 | Lair:1   | Slain by a blink frog

Illustrated notes

Levels and vault maps discovered:
D:1:      heliophobic_arrival_dark_side_of_the_moon, layout_basic, st_stairs_13,
          minmay_split_cup_large
D:2:      layout_rooms, nicolae_gozag_cash_rules_everything_around_me,
          marbit_many_paths, minmay_tetromino_t4
D:3:      layout_loops_ring, uniq_crazy_yiuf_cottage, uniq_jessica
D:4:      layout_loops_ring, old_standard_altar,
          nicolae_qazlal_style_of_elements, hangedman_ru_absence,
          serial_co_window_serial, co_window_corner_a, co_window_paths_a,
          co_window_corner_a, co_window_corner_a, co_window_paths_b,
          co_window_of_opportunity_a, co_window_paths_b, co_window_corner_a,
          co_window_paths_a, co_window_2corner, co_window_unsneaky_path_c,
          co_window_unsneaky_path_b, co_window_corner_b, glass_columns_b,
          kennysheep_generic_room_7
D:5:      minmay_evil_eye, layout_basic, yredelemnul_altar_generic,
          general_overflow_altar, dk_vineyard_3, nrook_mini_vaults,
          nicolae_dithmenos_the_darkroom
D:6:      layout_cave_pools, gammafunk_temple_overflow_elements, temple_hall,
          basic_altar, gup_sewer_entry_bowl, trog_book
D:7:      layout_basic, okawaru_trees_1, old_standard_altar,
          nicolae_ossuary_entry_ruins
D:8:      layout_basic, minitemple, enter_bailey_2, serial_shops,
          kennysheep_mini, kennysheep_just_a_vault, uniq_pikel, uniq_joseph
D:9:      layout_basic, old_standard_altar, kennysheep_cross_bottleneck,
          sword_in_stone, uniq_erolcha
D:10:     gammafunk_beogh_shrine, layout_small_grid, lair_entry_dummy,
          nicolae_trove_entry_free_sample, serial_shops, shop_fountains
Lair:1:   layout_gridlike, infiniplex_staircase_pool_2, uniq_prince_ribbit2

Skill      XL: |  1  2  3  4  5  6  7  8  9 10 |
---------------+-------------------------------+-----
Unarmed Combat | 4 5 6 8 |  8.0
Fighting       | 5 7 |  7.3
Evocations     | 2 6 9 |  9.0
Dodging        | |  1.5
Stealth        | |  2.7

Action                   |  1- 3 |  4- 6 |  7- 9 | 10-12 || total
-------------------------+-------+-------+-------+-------++-------
Melee: Unarmed           |    21 |    63 |   464 |   127 ||   675
       Punch             |       |     1 |    14 |     3 ||    18
Invok: Stomp             |       |       |       |     2 ||     2
 Stab: Sleeping          |     2 |     2 |    11 |       ||    15
       Distracted        |       |       |     3 |       ||     3
       Paralysed         |       |       |     6 |     4 ||    10
Armor: Robe              |     6 |    17 |   111 |    23 ||   157
Dodge: Dodged            |     8 |    23 |   231 |    72 ||   334
